 Dungeon Crawl Stone Soup version 0.31.0-12-g77e489cdc1 (webtiles) character file.

Game seed: 7651928282164699273

3073 slowpoke the Changeling (level 9, -2/62 HPs)
             Began as an Octopode Shapeshifter on Feb 25, 2024.
             Was an Elder of Cheibriados.
             Slain by Joseph
             ... wielding a +0 quarterstaff
              (11 damage)
             ... on level 8 of the Dungeon.
             The game lasted 00:16:40 (7149 turns).

slowpoke the Changeling (Octopode Shapeshifter)     Turns: 7149, Time: 00:16:41

Health: -2/62      AC:  1    Str: 23    XL:     9   Next: 88%
Magic:  14/14      EV: 17    Int: 26    God:    Cheibriados [****..]
Gold:   303        SH:  0    Dex: 28    Spells: 14/14 levels left

rFire   . .          .
                       - Unarmed
rCold   . . .        (no shield)
rNeg    + . .        (helmet currently unavailable)
rPois   +            (no amulet)
rElec   .            p - ring of poison resistance
rCorr   .            i - +6 ring of dexterity
SInv    .            q - ring of positive energy
Will    .....        (no ring)
Stlth   +++          (no ring)
HPRegen 0.30/turn    (no ring)
MPRegen 0.14/turn    (no ring)
                     (no ring)

%: no passive effects
@: beast-form, very slow
A: beast (slay +4), almost no armour, amphibious, 8 rings, camouflage 1,
gelatinous body 1, (nimble swimmer 1), tentacles
a: Begin Untransformation, Renounce Religion, Bend Time, Temporal Distortion,
Slouch


You were on level 8 of the Dungeon.
You worshipped Cheibriados.
Cheibriados was greatly pleased with you.
You were a hulking beast.
You visited 1 branch of the dungeon, and saw 8 of its levels.

You collected 303 gold pieces.

Inventory:

Missiles
 w - 3 poisoned darts
Jewellery
 i - a +6 ring of dexterity (right tentacle)
 p - a ring of poison resistance (left tentacle)
 q - a ring of positive energy (on tentacle)
 r - a ring of positive energy
Talismans
 b - a beast talisman
 c - a flux talisman
 f - a blade talisman
Wands
 h - a wand of flame (24) (quivered)
Scrolls
 d - a scroll of silence {unknown}
 g - a scroll of blinking {unknown}
 k - 2 scrolls of enchant armour
 l - 7 scrolls of teleportation
 s - a scroll of identify {unknown}
Potions
 e - a potion of curing {unknown}
 j - a potion of attraction {unknown}
 m - a potion of haste
 n - 7 potions of brilliance {unknown}
 o - a potion of invisibility {unknown}
 t - a potion of lignification
 u - a potion of resistance {unknown}
 v - a potion of berserk rage {unknown}


   Skills:
 - Level 6.0 Fighting
 - Level 5.0 Dodging
 - Level 5.1 Unarmed Combat
 * Level 3.4 Spellcasting
 - Level 7.0 Invocations
 - Level 7.0 Shapeshifting


You had 14 spell levels left.
You didn't know any spells.
Your spell library contained the following spells:

 Spells                   Type           Power      Damage    Failure   Level
 Magic Dart               Conj           16%        1d3       9%          1
 Searing Ray              Conj           8%         2d4       14%         2
 Fulminant Prism          Conj/Alch      2%         3d5       65%         4
 Vhi's Electric Charge    Tloc/Air       8%         N/A       65%         4
 Arcjolt                  Conj/Air       2%         1d12      94%         5
 Plasma Beam              Fire/Air       2%         2x1d12    100%        6


Dungeon Overview and Level Annotations

Branches:
Dungeon (8/15)             Temple (0/1) D:5
   Lair: D:8-11

Altars:
Ashenzari
Cheibriados
Makhleb
Ru
Trog

Shops:
D:2 (   D:5 =

Annotations:
D:7 exclusions: ice beast, sleepcap and steam dragon
D:8 Joseph


Innate Abilities, Weirdness & Mutations

You are a hulking beast.
Your limbs bulge with bestial killing power. (Slay +4)
You cannot wear most types of armour.
You are amphibious.
You can wear up to eight rings at the same time.
Your skin changes colour to match your surroundings (Stealth+).
Your rubbery body absorbs attacks. (AC +1, EV +1)
((You are camouflaged when in or above water. (Stealth+)))
You have tentacles for arms and can constrict up to eight enemies at once.


Message History

You see here a killer bee corpse.
Joseph, a Mercenary comes into view.
He is wielding a +0 quarterstaff.
You hear the quick creaking of a very distant portcullis.
The killer bee buzzes angrily.
You hear a shout!
The killer bee stings you. The killer bee completely misses you.
You see here a killer bee corpse.
The killer bee completely misses you. The killer bee closely misses you. x2
The killer bee stings you. x2; The killer bee misses you.
You see here a +0 flail.
The killer bee stings you. The killer bee completely misses you.
You miss the killer bee. Your grab misses the killer bee.
You squeeze the killer bee!
You kill the killer bee!
Cheibriados thoroughly appreciates the change of pace.
Joseph hits you with a +0 quarterstaff!
Joseph says, "Coming here was your last mistake."
Joseph hits you with a +0 quarterstaff!
Things that are here:
a +0 flail; a killer bee corpse You completely miss Joseph.
Your grab misses Joseph. Joseph hits you with a +0 quarterstaff.
You tentacle-slap Joseph but do no damage.
You grab Joseph. You squeeze Joseph!
Joseph is lightly wounded.
You constrict Joseph, but do no damage. Joseph misses you.
You tentacle-slap Joseph but do no damage.
You squeeze Joseph!
Joseph is moderately wounded.
You constrict Joseph. Joseph hits you with a +0 quarterstaff!
* * * LOW HITPOINT WARNING * * *
You tentacle-slap Joseph.
Joseph is heavily wounded.
You constrict Joseph. Joseph closely misses you.
You tentacle-slap Joseph.
Joseph is heavily wounded.
You constrict Joseph. Joseph barely misses you.
You bludgeon Joseph! You squeeze Joseph!
Joseph is almost dead.
You constrict Joseph. Joseph hits you with a +0 quarterstaff!
You die...

#######
#.†..<#.#
#h#####.#
###@.......
#..†....#.#
#.......#
#.......#
#.......#
#.......#
#.......#.#
#.........#


You could see Joseph.

Vanquished Creatures
  Eustachio (D:5)
  A water moccasin (D:6)
  Edmund (D:5)
  2 sky beasts (D:7)
  2 black bears
  2 orc warriors (D:6)
  An ice beast (D:6)
  2 centaurs
  4 bullfrogs
  2 scorpions
  10 wights
  8 killer bees
  A howler monkey (D:6)
  A hound (D:6)
  2 jellies
  3 orc priests
  A sleepcap (D:7)
  6 orc wizards
  11 adders
  A shadow imp (D:4)
  3 white imps
  4 ufetubi
  4 ribbon worms
  5 dart slugs
  22 orcs
  9 ball pythons
  13 endoplasms
  3 giant cockroaches
  8 goblins
  9 hobgoblins
  8 jackals
  3 quokkas
  3 bats
  4 frilled lizards
  3 kobolds
  6 rats
169 creatures vanquished.

Notes
Turn   | Place    | Note
-------+----------+-------------------------------------------
     0 | D:1      | slowpoke the Octopode Shapeshifter began the quest for the
                  | Orb.
     0 | D:1      | Reached XP level 1. HP: 13/13 MP: 1/1
   104 | D:1      | Reached XP level 2. HP: 19/19 MP: 2/2
   338 | D:1      | Reached XP level 3. HP: 25/25 MP: 3/3
   453 | D:2      | You fall into a shaft and drop 1 floor!
   505 | D:3      | Found a sacrificial altar of Ru.
   666 | D:2      | Reached XP level 4. HP: 5/33 MP: 4/4
  1040 | D:2      | Found a snail-covered altar of Cheibriados.
  1051 | D:2      | Became a worshipper of Cheibriados the Contemplative
  1203 | D:2      | Identified the +4 ring mail "Iwkanag" {rCorr}
  1412 | D:2      | Found Niekhok's Weapon Shop.
  1752 | D:3      | Reached XP level 5. HP: 35/38 MP: 5/5
  2160 | D:4      | Reached * piety under Cheibriados
  2383 | D:4      | Noticed a black bear
  2393 | D:4      | Killed a black bear
  2394 | D:4      | Reached XP level 6. HP: 27/44 MP: 2/6
  3096 | D:4      | Reached ** piety under Cheibriados
  3158 | D:4      | Found a burning altar of Makhleb.
  3401 | D:5      | Entered Level 5 of the Dungeon
  3438 | D:5      | Reached skill level 1 in Invocations
  3730 | D:4      | Reached XP level 7. HP: 23/49 MP: 8/8
  3864 | D:5      | Noticed Eustachio
  3903 | D:5      | HP: 2/49 [river rat[Eustachio] (4)]
  3913 | D:5      | Killed Eustachio
  3914 | D:5      | Reached skill level 5 in Unarmed Combat
  4026 | D:5      | Noticed Edmund
  4163 | D:5      | Found Apnun's Jewellery Emporium.
  4240 | D:5      | Reached skill level 5 in Shapeshifting
  4359 | D:5      | Killed Edmund
  4360 | D:5      | Reached XP level 8. HP: 53/54 MP: 10/10
  4471 | D:5      | Found a staircase to the Ecumenical Temple.
  4864 | D:6      | Reached *** piety under Cheibriados
  5044 | D:6      | Reached skill level 5 in Dodging
  5384 | D:6      | Reached skill level 5 in Fighting
  5384 | D:6      | Reached XP level 9. HP: 39/61 MP: 12/12
  5519 | D:6      | Found a bloodstained altar of Trog.
  5549 | D:6      | Found a broken altar of Ashenzari.
  5823 | D:7      | Identified the +1 falchion "Xaosircha" {flame, +Blink rC+
                  | Int-2}
  5970 | D:7      | Reached skill level 5 in Invocations
  6167 | D:7      | Reached **** piety under Cheibriados
  6505 | D:7      | Reached skill level 1 in Spellcasting
  7131 | D:8      | Noticed Joseph
  7149 | D:8      | Slain by Joseph

Illustrated notes

Levels and vault maps discovered:
D:1:      nicolae_arrival_memento_mori, layout_rooms
D:2:      layout_basic, basic_altar, serial_shops,
          nicolae_shop_pleasant_corner_grove
D:3:      layout_basic, mainiacjoe_overflow_alcove_2
D:4:      layout_layer_cave, lemuel_tele_altar, nicolae_underground_beach
D:5:      layout_rooms, lemuel_temple_firewalk_b, serial_shops, shop,
          uniq_edmund, uniq_eustachio
D:6:      layout_rooms, jmf_multi_god_temple2, minmay_misc_feat_more_columns,
          nicolae_benzene_ring, bh_walls_and_bars
D:7:      layout_loops_cross
D:8:      layout_basic, minitemple, enter_bailey_5, serial_bayou_lagoon_b,
          uniq_joseph

Skill      XL: |  1  2  3  4  5  6  7  8  9 |
---------------+----------------------------+-----
Fighting       | 2 3 4 5 6 |  6.0
Unarmed Combat | 4 5 |  5.1
Shapeshifting  | 4 5 6 7 |  7.0
Invocations    | 2 3 4 7 |  7.0
Dodging        | 5 |  5.0
Spellcasting   | 3 |  3.4

Action                     |  1- 3 |  4- 6 |  7- 9 || total
---------------------------+-------+-------+-------++-------
  Melee: Unarmed           |    63 |   143 |   196 ||   402
         Tentacles         |    15 |    20 |    54 ||    89
         Constrict         |    17 |    38 |    51 ||   106
         Punch             |     1 |     5 |    10 ||    16
 Invoke: Bend Time         |       |     1 |     1 ||     2
  Evoke: Wand              |       |       |     5 ||     5
    Use: Potion            |       |     1 |     4 ||     5
         Scroll            |       |       |     4 ||     4
   Stab: Sleeping          |     8 |     7 |     6 ||    21
 Armour: Skin              |    19 |   118 |    93 ||   230
  Dodge: Dodged            |    41 |    80 |   168 ||   289
